 Dungeon Crawl Stone Soup version 0.25.0-11-g1f837a76a1 (webtiles) character file.

Game seed: 9158360932433965774

3461 xccam the Slicer (level 10, -15/59 HPs)
             Began as a Tengu Assassin on June 25, 2020.
             Was a Follower of Vehumet.
             Killed from afar by Joseph (29 damage)
             ... with a bolt of acid
             ... on level 7 of the Dungeon.
             The game lasted 00:13:33 (9191 turns).

xccam the Slicer (Tengu Assassin)                   Turns: 9191, Time: 00:13:33

Health: -15/59     AC:  8    Str: 12    XL:     10   Next: 6%
Magic:  12/12      EV: 16    Int: 15    God:    Vehumet [*.....]
Gold:   282        SH:  5    Dex: 15    Spells: 10/11 levels left

rFire    . . .     SeeInvis .   x - +1 short sword (freeze)
rCold    . . .     Gourm    .   (no shield)
rNeg     + . .     Faith    .   E - +1 ring mail {rN+}
rPois    .         Spirit   .   (helmet restricted)
rElec    .         Reflect  +   c - +0 cloak
rCorr    .         Harm     .   (no gloves)
MR       .....                  (boots unavailable)
Stlth    ++........             j - amulet of reflection
HPRegen  0.19/turn              g - ring of wizardry
MPRegen  0.13/turn              (no ring)

@: flying quickly and evasively, lightly drained, quick
A: beak, talons 3, able to fly
a: Stop Flying, Renounce Religion


You were on level 7 of the Dungeon.
You worshipped Vehumet.
Vehumet was aware of your devotion.
You were hungry.

You visited 2 branches of the dungeon, and saw 8 of its levels.
You also visited: Sewer.

You collected 282 gold pieces.

Inventory:

Hand Weapons
 q - a +3 dagger of freezing
 x - a +1 short sword of freezing (weapon)
Missiles
 h - 4 atropa-tipped darts (quivered)
 D - 5 silver boomerangs
Armour
 b - a +0 scale mail of magic resistance
 c - a +0 cloak (worn)
 u - a +2 kite shield of positive energy
 E - a +1 ring mail of positive energy (worn)
Jewellery
 g - a ring of wizardry (left hand)
 j - an amulet of reflection (around neck)
 v - an uncursed amulet of magic regeneration
Wands
 o - a wand of flame (18)
 r - a wand of iceblast (9)
 t - a wand of acid (14)
Scrolls
 l - 4 scrolls of teleportation
 w - 2 scrolls of remove curse
 y - a scroll of fear
 z - 6 scrolls of identify
Potions
 a - 2 potions of brilliance
 i - 4 potions of haste
 k - a potion of mutation {unknown}
 m - 5 potions of curing
 n - a potion of stabbing {unknown}
 p - 2 potions of flight
 s - 3 potions of heal wounds
 A - a potion of magic {unknown}
 B - 2 potions of degeneration {unknown}
 C - a potion of might {unknown}
Comestibles
 f - 15 rations


   Skills:
 + Level 5.3 Fighting
 - Level 10.0(9.9) Short Blades
 - Level 6.0(5.9) Throwing
 + Level 5.3 Armour
 + Level 5.5 Dodging
 - Level 4.0(3.9) Stealth
 + Level 1.0 Spellcasting
 + Level 1.7 Conjurations
 + Level 1.3 Fire Magic


You had 10 spell levels left.
You knew the following spells:

 Your Spells              Type           Power        Failure   Level  Hunger
a - Foxfire               Conj/Fire      #...         11%         1    ##.....
Your spell library was empty.

Dungeon Overview and Level Annotations

Branches:
Dungeon (7/15)             Temple (1/1) D:4           Sewer (visited)

Altars:
Ashenzari
Cheibriados
Dithmenos
Fedhas
Gozag
Hepliaklqana
Kikubaaqudgha
Makhleb
Nemelex Xobeh
Okawaru
Qazlal
Ru
Sif Muna
Trog
Uskayaw
Vehumet
Wu Jian
Xom
Yredelemnul
Zin
The Shining One

Annotations:
D:7 Joseph


Innate Abilities, Weirdness & Mutations

You have a beak for a mouth.
You have claws for feet.
You can fly continuously.


Message History

You are too injured to fight recklessly!
You closely miss Joseph. You claw Joseph. You peck Joseph.
Joseph is severely wounded.
You hit Joseph. You freeze Joseph. Your kick misses Joseph. You peck Joseph.
Joseph is almost dead.
Joseph hits you with a +0 quarterstaff!
* * * LOW HITPOINT WARNING * * *
You completely miss Joseph.
Joseph is almost dead.
The orc wizard mumbles some strange words.
The orc wizard seems to speed up.
You hit Joseph but do no damage. Your kick misses Joseph.
Joseph is almost dead.
You block Joseph's attack.
You closely miss Joseph. You claw Joseph.
Joseph is almost dead.
You hit Joseph. You freeze Joseph.
Joseph is almost dead.
Joseph zaps a wand.
The bolt of acid hits you!!
You die...

.).......................# #.
#((......................# #.
#........................# #.
##((..................#..# ##.
##....................##..# ##..
#.o(((...............###..# ##...
#..@..........o......# #..###...#
#..............@....## #...#....#
#.o.............@...# #......##
....§............(.## #..(...#
o..(..............(### ##......#
....§................###.......#
.................#.............##
.................##.)(...........
............####....######...
...........## #..### ##))
......#...## ##..# #..


You could see Joseph (poisoned) and an orc wizard (fast).

Vanquished Creatures
  Prince Ribbit (D:6)
  Sigmund (D:2)
  A human (D:6)
  Duvessa (D:5)
  4 orc warriors
  3 ice beasts
  A sky beast (D:6)
  2 centaurs (D:6)
  An ogre (D:5)
  A crocodile (Sewer)
  3 bullfrogs
  Dowan (D:5)
  6 scorpions
  8 wights
  A howler monkey (D:5)
  4 crimson imps
  A centaur zombie (D:5)
  A bullfrog zombie (D:6)
  A hound (D:7)
  A jelly (D:6)
  6 orc wizards
  3 orc priests
  4 worker ants
  A statue (D:5)
  12 adders
  2 river rats (D:5)
  A shadow imp (D:5)
  3 oozes
  An adder skeleton (D:5)
  6 worms
  3 dart slugs
  8 leopard geckos
  23 orcs
  A ball python (D:2)
  10 bats
  6 giant cockroaches
  8 goblins
  6 hobgoblins
  4 jackals
  2 quokkas
  3 frilled lizards
  A jackal skeleton (D:6)
  11 kobolds
  2 quokka skeletons
  6 rats
  A spectral orc (D:4)
177 creatures vanquished.

Notes
Turn   | Place    | Note
-------+----------+-------------------------------------------
     0 | D:1      | xccam the Tengu Assassin began the quest for the Orb.
     0 | D:1      | Reached XP level 1. HP: 12/12 MP: 2/2
   157 | D:1      | Reached XP level 2. HP: 17/17 MP: 3/3
   187 | D:1      | Reached skill level 3 in Short Blades
   366 | D:1      | Reached XP level 3. HP: 13/21 MP: 4/4
   535 | D:1      | Reached skill level 4 in Short Blades
   772 | D:2      | Noticed Sigmund
   782 | D:2      | Killed Sigmund
   782 | D:2      | Reached skill level 6 in Short Blades
   782 | D:2      | Reached XP level 4. HP: 26/26 MP: 5/5
   782 | D:2      | Gained mutation: You can fly continuously. [Tengu growth]
   782 | D:2      | Reached XP level 5. HP: 30/30 MP: 6/6
  1231 | D:2      | Reached XP level 6. HP: 35/35 MP: 7/7
  1264 | D:2      | Found a blossoming altar of Fedhas.
  1265 | D:2      | Found a hide-covered altar of Uskayaw.
  1283 | D:2      | Found a snail-covered altar of Cheibriados.
  1285 | D:2      | Found a shimmering altar of Xom.
  1285 | D:2      | Found a shimmering blue altar of Sif Muna.
  1287 | D:2      | Found an ornate altar of the Wu Jian Council.
  1287 | D:2      | Found a burning altar of Makhleb.
  1288 | D:2      | Found a shattered altar of Ashenzari.
  2288 | D:3      | Found an opulent altar of Gozag.
  2909 | D:4      | Reached XP level 7. HP: 40/40 MP: 8/8
  2967 | D:4      | Found a staircase to the Ecumenical Temple.
  2973 | Temple   | Entered the Ecumenical Temple
  3140 | D:4      | Reached skill level 7 in Short Blades
  3701 | D:4      | Found a basalt altar of Yredelemnul.
  3743 | D:5      | Entered Level 5 of the Dungeon
  4045 | D:5      | Reached skill level 5 in Throwing
  4115 | D:5      | Found a glowing drain.
  4127 | Sewer    | Entered a sewer
  4552 | D:5      | Reached skill level 8 in Short Blades
  4552 | D:5      | Reached XP level 8. HP: 44/44 MP: 9/9
  4760 | D:5      | Found a glowing golden altar of the Shining One.
  5190 | D:5      | Noticed Dowan
  5192 | D:5      | Noticed Duvessa
  5216 | D:5      | Killed Duvessa
  5218 | D:5      | Killed Dowan
  5479 | D:5      | Found a radiant altar of Vehumet.
  5501 | D:5      | Became a worshipper of Vehumet
  5632 | D:5      | Reached skill level 9 in Short Blades
  6241 | D:6      | Reached skill level 10 in Short Blades
  6468 | D:6      | Reached skill level 1 in Armour
  6504 | D:6      | Reached XP level 9. HP: 28/49 MP: 10/10
  7208 | D:6      | Found a runed translucent door.
  7210 | D:6      | Found a basalt altar of Yredelemnul.
  7261 | D:6      | Noticed Prince Ribbit
  7696 | D:6      | Killed Prince Ribbit
  8589 | D:6      | Reached skill level 5 in Fighting
  8589 | D:6      | Reached skill level 5 in Dodging
  8679 | D:7      | Reached skill level 5 in Armour
  8686 | D:7      | Reached * piety under Vehumet
  8686 | D:7      | Offered knowledge of Foxfire by Vehumet.
  8707 | D:7      | Learned a level 1 spell: Foxfire
  8802 | D:7      | Noticed Joseph
  8837 | D:7      | Reached skill level 1 in Conjurations
  8837 | D:7      | Reached skill level 1 in Fire Magic
  8837 | D:7      | Reached XP level 10. HP: 12/59 MP: 10/12
  9127 | D:7      | Reached skill level 1 in Spellcasting
  9191 | D:7      | Killed from afar by Joseph

Illustrated notes

Levels and vault maps discovered:
D:1:      dpeg_arrival_refuge, layout_loops_ring, st_stairs_11
D:2:      layout_basic, grunt_temple_overflow_open, uniq_sigmund
D:3:      layout_loops_corners, nicolae_overflow_crystal_walls
D:4:      layout_basic, yredelemnul_forgotten_temple_becter,
          minmay_temple_entry_hall
D:5:      layout_loops_corners, vehumet_statue, first_ration,
          lightli_sewer_entry_pipes, nicolae_tso_swordbearing_angel,
          uniq_duvessa
D:6:      layout_layer_cave, dk_yredelemnul_ordeal, uniq_prince_ribbit1
D:7:      layout_layer_cave, serial_shops, kennysheep_little_box, uniq_joseph
Temple:   jpeg_temple_alley_garden

Skill      XL: |  1  2  3  4  5  6  7  8  9 10 |
---------------+-------------------------------+-----
Short Blades   | 3 6 8 10 | 10.0
Throwing       | 3 4 5 6 |  6.0
Armour         | 1 5 |  5.3
Dodging        | 2 5 |  5.5
Fighting       | 5 |  5.3
Conjurations   | 1 |  1.7
Fire Magic     | 1 |  1.3
Spellcasting   | 1 |  1.0
Stealth        | |  4.0

Action                   |  1- 3 |  4- 6 |  7- 9 | 10-12 || total
-------------------------+-------+-------+-------+-------++-------
Melee: Dagger            |    49 |   117 |   277 |       ||   443
       Kick              |    11 |    22 |   137 |    18 ||   188
       Peck              |     1 |    16 |    71 |     8 ||    96
       Short sword       |       |       |   160 |    44 ||   204
Throw: Dart              |       |       |    61 |     8 ||    69
 Abil: Fly               |       |       |     1 |       ||     1
Evoke: Wand              |       |       |     8 |       ||     8
  Use: Scroll            |       |       |    13 |       ||    13
       Potion            |       |       |     3 |       ||     3
 Stab: Sleeping          |     9 |    21 |     6 |       ||    36
       Distracted        |     1 |       |       |       ||     1
  Eat: Chunk             |       |     6 |    19 |       ||    25
Armor: Robe              |     7 |     8 |    26 |       ||    41
       Ring mail         |       |       |    10 |     1 ||    11
Dodge: Dodged            |    15 |    32 |   159 |    16 ||   222
Block: Other             |     1 |    14 |    74 |     7 ||    96
       Reflection        |       |       |    11 |       ||    11
